 Dungeon Crawl Stone Soup version 0.27.0-1-g7a089689b8 (webtiles) character file.

Game seed: 135414958666965044

219 hilljack the Chopper (level 5, -1/46 HPs)
             Began as a Minotaur Gladiator on Aug 15, 2021.
             Killed by divine providence
             ... invoked by an orc priest
              (11 damage)
             ... on level 3 of the Dungeon.
             The game lasted 00:03:40 (2858 turns).

hilljack the Chopper (Minotaur Gladiator)           Turns: 2858, Time: 00:03:41

Health: -1/46      AC:  7    Str: 18    XL:     5   Next: 64%
Magic:  4/4        EV: 13    Int:  5    God:
Gold:   122        SH:  0    Dex: 13    Spells: 4/4 levels left

rFire    + . .     SeeInvis .   a - +0 war axe
rCold    . . .     Faith    .   (no shield)
rNeg     . . .     Spirit   .   k - +1 leather armour {rF+}
rPois    .         Reflect  .   c - +0 hat
rElec    .         Harm     .   (no cloak)
rCorr    .         Rampage  .   g - +2 pair of gloves
Will     .....                  (no boots)
Stlth    +.........             (no amulet)
HPRegen  0.15/turn              (no ring)
MPRegen  0.09/turn              (no ring)

@: no status effects
A: horns 2, retaliatory headbutt
a: no special abilities


You were on level 3 of the Dungeon.
You visited 1 branch of the dungeon, and saw 3 of its levels.

You collected 122 gold pieces.

Inventory:

Hand Weapons
 a - a +0 war axe (weapon)
Missiles
 d - 3 throwing nets
 e - 18 stones (quivered)
Armour
 c - a +0 hat (worn)
 g - a +2 pair of gloves (worn)
 k - a +1 leather armour of fire resistance (worn)
Jewellery
 j - a +6 ring of intelligence
Scrolls
 f - 3 scrolls of magic mapping
Potions
 b - a potion of haste {unknown}
 h - a potion of lignification {unknown}
 i - a potion of curing


   Skills:
 + Level 3.8 Fighting
 + Level 4.7 Axes
 + Level 3.1 Throwing
 + Level 2.7 Armour
 + Level 4.3 Dodging


You had 4 spell levels left.
You didn't know any spells.
Your spell library was empty.

Dungeon Overview and Level Annotations

Branches:
Dungeon (3/15)

Altars:
Kikubaaqudgha
Beogh


Innate Abilities, Weirdness & Mutations

You have a pair of horns on your head.
You reflexively headbutt those who attack you in melee.


Message History

You closely miss the orc priest. The orc priest closely misses you.
The orc priest calls down the wrath of Beogh upon you.
Beogh smites you! The orc priest closely misses you. You furiously retaliate!
You headbutt the orc priest, but do no damage.
The orc priest barely misses you. You furiously retaliate!
You headbutt the orc priest!
You kill the orc priest!
Your Throwing skill increases to level 3!
You closely miss the orc priest. You headbutt the orc priest.
The orc priest is moderately wounded.
You slash the orc!
You kill the orc!
The orc priest hits you with a +0 dagger.
You hit the orc priest but do no damage.
You headbutt the orc priest!
You kill the orc priest!
You hit the orc priest but do no damage.
The orc priest calls down the wrath of Beogh upon you.
Beogh smites you!
You are too injured to fight recklessly!
You are too injured to fight recklessly!
You are too injured to fight recklessly!
You are too injured to fight recklessly!
You are too injured to fight recklessly!
You are too injured to fight recklessly!
You are too injured to fight recklessly!
You are too injured to fight recklessly!
You are too injured to fight recklessly!
You are too injured to fight recklessly!
You are too injured to fight recklessly!
You are too injured to fight recklessly!
You are too injured to fight recklessly!
You slash the orc priest! Your headbutt misses the orc priest.
The orc priest is almost dead.
The orc priest invokes the aid of Beogh against you.
Beogh smites you!
* * * LOW HITPOINT WARNING * * *
The orc priest calls down the wrath of Beogh upon you.
Beogh smites you!
You die...

......#.....>..#.# #.....##......
......#..#.#####.# #.....###.####
.................# #.....# #.#
......#........#.# #.....# #.####
.................# #.....# #...(.
.....#.###.##.##.# #.....# ######
.....#.....)).##.###.....########
.....#.....).......'...[.........
####.#.###.##.##@###.....########
.......###(####o))########
####.#.....# #$8.8$#
####.#.###.###$.$.$#
.............#.8$8.#
####.##########._$##
#..........##### ############


You could see an orc priest.

Vanquished Creatures
  3 orc priests (D:3)
  An iguana (D:3)
  Robin (D:3)
  An adder (D:2)
  An adder skeleton (D:2)
  A worm (D:2)
  4 orcs (D:3)
  5 ball pythons
  5 endoplasms
  A giant cockroach (D:3)
  14 goblins
  7 hobgoblins
  2 jackals (D:1)
  9 kobolds
  2 quokkas
  8 bats
  4 frilled lizards
  3 rats (D:1)
72 creatures vanquished.

Notes
Turn   | Place    | Note
-------+----------+-------------------------------------------
     0 | D:1      | hilljack the Minotaur Gladiator began the quest for the
                  | Orb.
     0 | D:1      | Reached XP level 1. HP: 18/18 MP: 0/0
   350 | D:1      | Reached XP level 2. HP: 22/25 MP: 1/1
   542 | D:1      | Reached skill level 1 in Armour
  1222 | D:2      | Found an ancient bone altar of Kikubaaqudgha.
  1245 | D:2      | Reached XP level 3. HP: 30/30 MP: 2/2
  1506 | D:2      | Found a faded altar of an unknown god.
  1966 | D:3      | Reached XP level 4. HP: 32/38 MP: 3/3
  2328 | D:3      | Noticed Robin
  2340 | D:3      | Reached XP level 5. HP: 35/45 MP: 4/4
  2343 | D:3      | Killed Robin
  2858 | D:3      | Killed from afar by an orc priest

Illustrated notes

Levels and vault maps discovered:
D:1:      tarquinn_simple_flora_water_c, layout_basic
D:2:      layout_loops_ring, basic_altar, hellmonk_ecumenical_altar_heavens_door
D:3:      layout_basic, mainiacjoe_overflow_alcove_4, kennysheep_cross_room,
          kennysheep_orc_chapel, uniq_robin

Skill      XL: |  1  2  3  4  5 |
---------------+----------------+-----
Armour         | 1 2 |  2.7
Fighting       | 3 |  3.8
Axes           | 4 |  4.7
Dodging        | 4 |  4.3
Throwing       | 3 |  3.1

Action                   |  1- 3 |  4- 6 || total
-------------------------+-------+-------++-------
Melee: War axe           |    91 |    48 ||   139
       Headbutt          |    13 |    10 ||    23
  Use: Scroll            |     4 |     1 ||     5
 Stab: Distracted        |       |     1 ||     1
       Sleeping          |       |     1 ||     1
Armor: Leather armour    |    27 |    25 ||    52
Dodge: Dodged            |    70 |    36 ||   106
